 Dungeon Crawl Stone Soup version 0.22.1-1-ga44c0e56f4 (webtiles) character file.

3028 blechx the Cleaver (level 9, 0/69 HPs)
             Began as a Minotaur Fighter on Oct 7, 2018.
             Was a Believer of Hepliaklqana.
             Slain by an orc warrior
             ... wielding a +0 glaive
              (16 damage)
             ... on level 8 of the Dungeon on Oct 8, 2018.
             The game lasted 01:08:00 (7852 turns).

blechx the Cleaver (Minotaur Fighter)               Turns: 7852, Time: 01:08:01

Health: 0/69       AC: 11    Str: 25    XL:     9   Next: 55%
Magic:  8/8        EV: 11    Int:  5    God:    Hepliaklqana [**....]
Gold:   261        SH: 13    Dex: 12    Spells: 8/8 levels left

rFire    . . .     SeeInvis .   a - +1 war axe
rCold    . . .     Gourm    .   c - +1 shield
rNeg     . . .     Faith    .   b - +0 scale mail
rPois    .         Spirit   .   (helmet restricted)
rElec    .         Reflect  .   (no cloak)
rCorr    +         Harm     .   g - +2 pair of gloves
MR       .....                  (no boots)
Stlth    ..........             (no amulet)
HPRegen  0.21/turn              q - +3 ring of dexterity
MPRegen  0.11/turn              u - ring of resist corrosion

@: drained
A: retaliatory headbutt, reduced essence, horns 2
a: Recall Ancestor, Ancestor Identity, Renounce Religion


You were on level 8 of the Dungeon.
You worshipped Hepliaklqana.
Hepliaklqana was pleased with you.
You were hungry.

You visited 1 branch of the dungeon, and saw 8 of its levels.

You collected 261 gold pieces.

Inventory:

Hand Weapons
 a - a +1 war axe (weapon)
 i - a +0 hunting sling
Missiles
 k - 113 stones (quivered)
Armour
 b - a +0 scale mail (worn)
 c - a +1 shield (worn)
 g - a +2 pair of gloves (worn)
 j - a +0 scale mail
Jewellery
 q - a +3 ring of dexterity (left hand)
 r - an uncursed ring of magical power
 u - a ring of resist corrosion (right hand)
 y - an uncursed ring of protection from cold {unknown}
Wands
 d - a wand of random effects (35)
 B - a wand of digging (4)
 H - a wand of flame (32)
 M - a wand of polymorph (19)
Scrolls
 l - 2 scrolls of amnesia
 n - 2 scrolls of enchant weapon
 o - 3 scrolls of teleportation
 w - 2 scrolls of fear
 C - a scroll of enchant armour
 E - a scroll of immolation
 L - a scroll of identify
Potions
 e - 3 potions of mutation {unknown}
 h - 2 potions of agility
 m - 5 potions of curing {unknown}
 p - 2 potions of heal wounds
 s - 3 potions of lignification {unknown}
 v - a potion of brilliance {unknown}
 x - a potion of flight {unknown}
 z - 2 potions of might
 A - a potion of haste {unknown}
 D - 2 potions of degeneration {unknown}
 J - a potion of invisibility {unknown}
Comestibles
 f - 10 rations


   Skills:
 + Level 6.3(6.1) Fighting
 + Level 9.3(9.0) Axes
 + Level 0.4(0.2) Slings
 + Level 8.4(8.1) Armour
 + Level 4.1(3.9) Dodging
 + Level 1.1(0.9) Stealth
 * Level 8.8(8.5) Shields


You had 8 spell levels left.
You didn't know any spells.
Your spell library was empty.

Dungeon Overview and Level Annotations

Branches:
Dungeon (8/15)             Temple (0/1) D:5            Lair (0/6) D:8

Altars:
Hepliaklqana

Annotations:
D:1 exclusion: downstairs
D:6 3 exclusions


Innate Abilities, Weirdness & Mutations

You reflexively headbutt those who attack you in melee.
You have a pair of horns on your head.
Your life essence is reduced to manifest your ancestor. (-10% HP)


Message History

Your shield and scale mail prevent you from hitting the orc warrior.
You headbutt the orc warrior!
The orc warrior is moderately wounded.
You closely miss the orc.
The orc warrior hits you but does no damage.
The orc hits you with a trident!
* * * LOW HITPOINT WARNING * * *
The wight hits you but does no damage.
You hit the orc warrior but do no damage.
The orc warrior is moderately wounded.
You closely miss the orc. The orc hits you with a trident.
* * * LOW HITPOINT WARNING * * *
You block the orc warrior's attack.
The wight hits you from afar with a spear.
* * * LOW HITPOINT WARNING * * *
You feel drained.
* * * LOW HITPOINT WARNING * * *
The orc hits you but does no damage.
The orc warrior hits you from afar with a glaive!
You die...

,****,* **###..z.....##..#
,,**,,* *,o..........###.#
,,,,,** *,#####.#.#### *.#
,,**********,* #...# *.# ,**
*,,,,,,* ##..## **.#****
,******,****** ##ozO.# *,,,,,,,
,,,,,,,,* #oo##.# *,,,,,,,
,*****,,** #.##*.# *,,,,,,,
,,****,,,******#@#**.#****,,,,,,,
,,,,,,,,,...............,,,,,,,,,
,,,*****,...###.###.....,,,,,,,,,
**,* ****,,,#.***,....,,*,,****
,*,********,,,..,,,,,...,,**,*
,,,,,,,,,,,,,...,**,,,..,,**,*
***>,********#.),,,,,,,.,,**,**
**,,,,,,,,*#.#,,,,,,,,,,,,,,*
********,,,,,,,*,,,,,,,,,,,***


You could see an orc warrior, a wight and 2 orcs.

Vanquished Creatures
  3 slime creatures (D:7)
  Sigmund (D:2)
  A phantom (D:4)
  2 orc warriors
  An ice beast (D:5)
  A sky beast (D:7)
  3 centaurs
  A scorpion (D:7)
  9 killer bees
  2 wights (D:8)
  A bullfrog zombie (D:6)
  A quasit (D:7)
  2 hounds
  3 orc wizards
  2 orc priests
  Ijyb (D:3)
  Natasha (thrice) (D:2)
  5 worker ants
  3 hound skeletons
  9 adders
  A shadow imp (D:7)
  3 oozes
  A worm (D:5)
  2 dart slugs (D:2)
  4 leopard geckos
  12 orcs
  5 giant cockroaches
  3 goblins
  13 hobgoblins
  8 jackals
  5 kobolds
  A quokka (D:4)
  3 bats
  2 frilled lizards
  A quokka zombie (D:6)
  7 rats
125 creatures vanquished.

Vanquished Creatures (collateral kills)
  A bullfrog (D:7)
  A water moccasin skeleton (D:8)
  5 killer bees (D:7)
  A howler monkey (D:5)
  An adder (D:5)
  A leopard gecko (D:6)
  4 orcs
  A leopard gecko skeleton (D:5)
15 creatures vanquished.

Vanquished Creatures (others)
  An orc wizard (D:6)
  2 hexers
  2 ancestors (D:6)
  2 orcs (D:6)
7 creatures vanquished.

Grand Total: 147 creatures vanquished

Notes
Turn   | Place    | Note
-------+----------+-------------------------------------------
     0 | D:1      | blechx the Minotaur Fighter began the quest for the Orb.
     0 | D:1      | Reached XP level 1. HP: 19/19 MP: 0/0
   298 | D:1      | Reached XP level 2. HP: 27/27 MP: 1/1
   911 | D:2      | Noticed Sigmund
  1028 | D:2      | Reached XP level 3. HP: 33/33 MP: 2/2
  1147 | D:2      | Noticed Natasha
  1180 | D:2      | Killed Natasha
  1180 | D:2      | Reached skill level 3 in Axes
  1265 | D:2      | Reached XP level 4. HP: 28/40 MP: 3/3
  1265 | D:2      | Noticed Natasha
  1276 | D:2      | Killed Natasha
  1301 | D:2      | Killed Sigmund
  1301 | D:2      | Reached skill level 4 in Axes
  1301 | D:2      | Reached skill level 5 in Armour
  1301 | D:2      | Reached skill level 1 in Dodging
  1301 | D:2      | Reached XP level 5. HP: 41/47 MP: 4/4
  1302 | D:2      | Noticed Natasha
  1308 | D:2      | Killed Natasha
  1308 | D:2      | Reached XP level 6. HP: 46/53 MP: 5/5
  1955 | D:3      | Noticed Ijyb
  1968 | D:3      | Killed Ijyb
  2056 | D:3      | Reached skill level 5 in Axes
  2077 | D:3      | Reached skill level 5 in Shields
  2133 | D:3      | Reached skill level 5 in Fighting
  2301 | D:3      | Found a hazy altar of Hepliaklqana.
  2686 | D:4      | Reached XP level 7. HP: 59/61 MP: 6/6
  2996 | D:3      | Became a worshipper of Hepliaklqana the Forgotten
  3020 | D:5      | Entered Level 5 of the Dungeon
  3297 | D:5      | Reached * piety under Hepliaklqana
  3430 | D:5      | Found a staircase to the Ecumenical Temple.
  3735 | D:5      | Reached skill level 6 in Axes
  4596 | D:6      | Reached XP level 8. HP: 47/62 MP: 7/7
  5274 | D:6      | Reached skill level 7 in Axes
  5546 | D:6      | HP: 1/63 [electric eel/bolt of electricity (8)]
  5943 | D:7      | Reached ** piety under Hepliaklqana
  5944 | D:7      | Remembered your ancestor Yadidatum as a hexer
  6625 | D:7      | Reached skill level 1 in Stealth
  6655 | D:7      | Noticed a slime creature
  6658 | D:7      | Killed a slime creature
  6658 | D:7      | Reached skill level 8 in Axes
  6664 | D:7      | Noticed a slime creature
  6664 | D:7      | Noticed a slime creature
  6961 | D:7      | Killed a slime creature
  6961 | D:7      | Reached XP level 9. HP: 67/67 MP: 8/8
  7298 | D:7      | Reached skill level 9 in Axes
  7695 | D:8      | Noticed a two-headed ogre
  7852 | D:8      | Slain by an orc warrior

Skill      XL: |  1  2  3  4  5  6  7  8  9 |
---------------+----------------------------+-----
Fighting       | 4 5 6 |  6.3
Armour         | 4 5 6 7 8 |  8.4
Shields        | 4 5 6 7 8 |  8.8
Axes           | 3 4 5 6 8 9 |  9.3
Dodging        | 1 2 3 4 |  4.1
Stealth        | 1 |  1.1
Slings         | |  0.4

Action                   |  1- 3 |  4- 6 |  7- 9 || total
-------------------------+-------+-------+-------++-------
Melee: War axe           |    82 |    98 |   205 ||   385
       Headbutt          |     9 |    14 |    45 ||    68
 Fire: Hunting sling     |       |     2 |       ||     2
Throw: Stone             |       |     2 |       ||     2
Invok: Recall Ancestor   |       |       |     5 ||     5
       Ancestor Life: He |       |       |     1 ||     1
  Use: Potion            |     1 |     3 |       ||     4
       Scroll            |       |     7 |    12 ||    19
  Eat: Ration            |     1 |     1 |     4 ||     6
       Chunk             |       |       |     1 ||     1
Armor: Scale mail        |    31 |    38 |    77 ||   146
Dodge: Dodged            |    33 |    30 |    95 ||   158
Block: Shield            |    40 |    52 |   172 ||   264
